 Dungeon Crawl Stone Soup version 0.28-a0-861-ge64d6db94f (webtiles) character file.

Game seed: 1309352413799019776

3579 bande the Cleaver (level 10, -6/61 HPs)
             Began as a Gargoyle Fighter on Nov 15, 2021.
             Was a Follower of Okawaru.
             Mangled by a two-headed ogre (9 damage)
             ... on level 9 of the Dungeon.
             The game lasted 00:19:29 (12321 turns).

bande the Cleaver (Gargoyle Fighter)               Turns: 12321, Time: 00:19:30

Health: -6/61      AC: 17    Str: 21    XL:     10   Next: 10%
Magic:  10/10      EV:  8    Int:  9    God:    Okawaru [*.....]
Gold:   431        SH: 12    Dex: 17    Spells: 9/9 levels left

rFire   . . .      SeeInvis .   a - +1 war axe
rCold   . . .      Faith    +   q - +1 kite shield
rNeg    + . .      Spirit   .   b - +0 scale mail
rPois   ∞          Reflect  .   r - +1 hat
rElec   +          Harm     .   g - +0 cloak
rCorr   .          Rampage  .   (no gloves)
Will    .....                   (no boots)
Stlth   ..........              k - amulet of faith
HPRegen 0.20/turn               h - +6 ring of dexterity
MPRegen 0.12/turn               (no ring)

@: mighty, studying Armour
A: sickness immunity, AC +7, negative energy resistance 1, electricity
resistance, torment resistance 1, petrification resistance
a: Renounce Religion, Heroism


You were on level 9 of the Dungeon.
You worshipped Okawaru.
Okawaru was aware of your devotion.
You visited 2 branches of the dungeon, and saw 10 of its levels.

You collected 441 gold pieces.
You spent 10 gold pieces at shops.

Inventory:

Hand Weapons
 a - a +1 war axe (weapon)
 f - a +4 flail
Missiles
 x - 3 throwing nets (quivered)
Armour
 b - a +0 scale mail (worn)
 g - a +0 cloak (worn)
 q - a +1 kite shield (worn)
 r - a +1 hat (worn)
Jewellery
 h - a +6 ring of dexterity (left hand)
 k - an amulet of faith (around neck)
Wands
 l - a wand of flame (42)
 m - a wand of polymorph (16)
 n - a wand of paralysis (11)
 v - a wand of iceblast (21)
Scrolls
 j - 4 scrolls of amnesia
 w - a scroll of teleportation
Potions
 d - a potion of might
 e - 2 potions of resistance
 o - 2 potions of cancellation
 p - 2 potions of flight
 s - 2 potions of brilliance
 t - a potion of mutation {unknown}
 u - a potion of berserk rage {unknown}
 z - 2 potions of curing
 A - a potion of haste {unknown}


   Skills:
 + Level 6.5 Fighting
 + Level 8.2 Axes
 + Level 8.0 Armour
 - Level 0.2 Stealth
 + Level 6.7 Shields
 * Level 1.0 Invocations
 * Level 5.2 Evocations


You had 9 spell levels left.
You didn't know any spells.
Your spell library contained the following spells:

 Spells                   Type           Power      Damage    Failure   Level
 Apportation              Tloc           0%         N/A       96%         1
 Magic Dart               Conj           0%         1d3       96%         1
 Searing Ray              Conj           0%         2d4       99%         2
 Fulminant Prism          Conj/Hex       0%         3d6       100%        4
 Iskenderun's Mystic Bla  Conj/Tloc      0%         2d3       100%        4
 Passage of Golubria      Tloc           0%         N/A       100%        4
 Lee's Rapid Deconstruct  Erth           0%         3d5*      100%        5
 Silence                  Hex/Air        0%         N/A       100%        5
 Orb of Destruction       Conj           0%         N/A       100%        7
 Lehudib's Crystal Spear  Conj/Erth      0%         10d2      100%        8
 Animate Skeleton         Necr           Unusable   N/A       N/A         1
 Summon Small Mammal      Summ           Unusable   N/A       N/A         1
 Summon Guardian Golem    Hex/Summ       Unusable   N/A       N/A         3
 Spellforged Servitor     Conj/Summ      Unusable   N/A       N/A         7

Dungeon Overview and Level Annotations

Branches:
Dungeon (9/15)             Temple (1/1) D:4
   Lair: D:8-11         Orc: D:9-12

Altars:
Ashenzari
Cheibriados
Dithmenos
Elyvilon
Fedhas
Gozag
Hepliaklqana
Kikubaaqudgha
Makhleb
Nemelex Xobeh
Okawaru
Qazlal
Ru
Sif Muna
Trog
Uskayaw
Vehumet
Wu Jian
Xom
Yredelemnul
Zin
The Shining One

Shops:
D:5 !   D:7 (=


Innate Abilities, Weirdness & Mutations

You are immune to sickness and miasma.
Your stone body is resilient. (AC +7)
You are immune to poison.
You resist negative energy. (rN+)
You are resistant to electric shocks. (rElec)
You are resistant to unholy torment.
You are immune to petrification.


Message History

You block the two-headed ogre's attack.
You slash the two-headed ogre!
The two-headed ogre is moderately wounded.
The two-headed ogre hits you with a +0 dire flail.
The two-headed ogre barely misses you.
You completely miss the two-headed ogre.
The two-headed ogre is moderately wounded.
The two-headed ogre barely misses you. x2
You slash the two-headed ogre!
The two-headed ogre is heavily wounded.
You hit the yak. You block the yak's attack.
The two-headed ogre hits you but does no damage.
The two-headed ogre hits you with a +0 giant club!
You are too injured to fight recklessly!
You are too injured to fight recklessly!
You are too injured to fight recklessly!
You are too injured to fight recklessly!
You are too injured to fight recklessly!
You are too injured to fight recklessly!
You are too injured to fight recklessly!
You are too injured to fight recklessly!
Unknown command.
You feel very mighty all of a sudden. You block the yak's attack.
You block the two-headed ogre's attack.
The two-headed ogre hits you but does no damage.
You barely miss the two-headed ogre.
The two-headed ogre is heavily wounded.
You barely miss the yak. The yak gores you!
The two-headed ogre hits you with a +0 dire flail!
* * * LOW HITPOINT WARNING * * *
The two-headed ogre hits you with a +0 giant club!
* * * LOW HITPOINT WARNING * * *
You slash the two-headed ogre!
The two-headed ogre is severely wounded.
You slash the yak! You block the yak's attack. The yak completely misses you.
You hit the two-headed ogre.
The two-headed ogre is almost dead.
You slash the yak!
The two-headed ogre hits you with a +0 dire flail!
You die...

#.##.# #.##.# ######.
#.##.# ##.......
#.##.# #..8.....
#.##.# #........
#.##.# #........
#.##.# #.....)..
#.##.# #######.O...>..
#.##.###......@Y......
#........######.8.....
########## .......
....##. #####


You could see a two-headed ogre and a yak.

Vanquished Creatures
  A slime creature (D:7)
  A yak (D:8)
  Edmund (D:6)
  A black bear (D:8)
  A sky beast (D:7)
  An ice beast (D:4)
  3 ogres
  A necrophage (D:6)
  3 centaurs
  2 phantoms
  2 kobold brigands
  A bullfrog (D:9)
  4 scorpions
  2 water moccasin skeletons
  6 killer bees
  3 howler monkeys
  3 vampire bats (D:3)
  A centaur zombie (D:8)
  3 orc priests
  2 gnoll shamans
  2 hounds
  10 jellies
  2 bullfrog skeletons
  A centaur skeleton (D:6)
  3 orc wizards
  A scorpion zombie (D:5)
  A hound skeleton (D:4)
  A mummy (D:6)
  A howler monkey zombie (D:6)
  8 gnolls
  5 adders
  A howler monkey skeleton (D:7)
  A white imp (D:5)
  4 ufetubi
  3 worms
  11 dart slugs
  20 orcs
  8 ball pythons
  5 bats
  2 bat skeletons (D:3)
  4 bat zombies (D:3)
  15 endoplasms
  3 giant cockroaches
  8 goblins
  7 hobgoblins
  6 jackals
  17 kobolds
  6 quokkas
  2 frilled lizards
  3 hobgoblin zombies (D:6)
  A kobold zombie (D:6)
  6 rats
210 creatures vanquished.

Vanquished Creatures (others)
  An iguana (D:5)
  10 fungi
  2 plants (D:2)
13 creatures vanquished.

Grand Total: 223 creatures vanquished

Notes
Turn   | Place    | Note
-------+----------+-------------------------------------------
     0 | D:1      | bande the Gargoyle Fighter began the quest for the Orb.
     0 | D:1      | Reached XP level 1. HP: 14/14 MP: 1/1
   102 | D:1      | Reached XP level 2. HP: 19/19 MP: 2/2
   327 | D:1      | Found a faded altar of an unknown god.
   410 | D:1      | Reached XP level 3. HP: 18/24 MP: 3/3
  1025 | D:2      | Found a stormy altar of Qazlal.
  1215 | D:2      | Reached XP level 4. HP: 28/29 MP: 4/4
  2483 | D:3      | Found an ancient bone altar of Kikubaaqudgha.
  2493 | D:3      | Reached XP level 5. HP: 32/33 MP: 5/5
  2638 | D:3      | Reached XP level 6. HP: 38/38 MP: 6/6
  2771 | D:4      | Found a staircase to the Ecumenical Temple.
  2777 | Temple   | Entered the Ecumenical Temple
  2849 | D:4      | Reached skill level 1 in Evocations
  3147 | D:3      | Reached XP level 7. HP: 27/44 MP: 7/7
  3779 | D:4      | HP: 2/44 [orc (1)]
  4042 | D:4      | Found an opulent altar of Gozag.
  4244 | D:4      | Found a shimmering blue altar of Sif Muna.
  4300 | D:5      | Entered Level 5 of the Dungeon
  4318 | D:5      | Reached skill level 5 in Axes
  4452 | D:4      | Reached skill level 5 in Armour
  5171 | D:6      | Reached XP level 8. HP: 25/48 MP: 8/8
  5797 | D:5      | Reached skill level 5 in Shields
  6110 | D:5      | Reached skill level 5 in Fighting
  6233 | D:5      | Found Mopnuar's Distillery.
  6241 | D:5      | Bought a potion of degeneration for 10 gold pieces
  6298 | D:5      | Identified a scroll of acquirement
  6298 | D:5      | Acquired a manual of Armour
  6842 | D:6      | Found a hide-covered altar of Uskayaw.
  6878 | D:6      | Found a radiant altar of Vehumet.
  7277 | D:6      | Noticed Edmund
  7279 | D:6      | Found an ornate altar of the Wu Jian Council.
  7288 | D:6      | HP: 2/49 [Edmund (7)]
  7291 | D:6      | Killed Edmund
  7292 | D:6      | Reached XP level 9. HP: 7/54 MP: 9/9
  7719 | D:6      | Found a large runed translucent door.
  7719 | D:6      | Found a large runed translucent door.
  8206 | D:6      | Found a shimmering altar of Xom.
  8224 | D:6      | Found a basalt altar of Yredelemnul.
  8322 | D:7      | Found a broken altar of Ashenzari.
  8918 | D:7      | Found Azoplypi's Weapon Boutique.
  9048 | D:7      | Found Fahan's Jewellery Shoppe.
 10050 | D:7      | Identified the +4 ring mail "Erhuerar" {Stlth+}
 11037 | D:8      | Found an iron altar of Okawaru.
 11099 | D:8      | Became a worshipper of Warmaster Okawaru
 11331 | D:8      | Reached skill level 5 in Evocations
 11342 | D:8      | Reached * piety under Okawaru
 11532 | D:8      | Reached XP level 10. HP: 61/61 MP: 10/10
 12286 | D:9      | Reached skill level 1 in Invocations
 12311 | D:9      | Noticed a two-headed ogre
 12319 | D:9      | HP: 2/61 [two-headed ogre (9)]
 12321 | D:9      | Mangled by a two-headed ogre

Illustrated notes

Levels and vault maps discovered:
D:1:      amcnicky_arrival_gap_in_the_tavern_cellar, layout_basic,
          shapermc_ecumenical_altar_starsandcircs, minmay_misc_feat_diagonals
D:2:      layout_basic, basic_altar, serial_bayou_pond_d,
          small_statue_intersection
D:3:      layout_loops_ring, kennysheep_vampire_church
D:4:      layout_basic, led_sif_book, grunt_gozag_breadcrumbs,
          minmay_temple_entry_statues_fountains
D:5:      kennysheep_slugbush, layout_rooms, serial_shops, shop,
          dk_noncrumbling_3, kennysheep_generic_room_7
D:6:      layout_gridville, mainiacjoe_overflow_concentric_impassable,
          nicolae_uskayaw_dance_studio, jmf_multi_god_temple2,
          mainiacjoe_overflow_chevrons, minmay_mini_ossuary, uniq_edmund
D:7:      lemuel_slime, layout_basic, ashenzari_conservatory_becter,
          serial_shops, nicolae_take_the_stairs, shop
D:8:      layout_cave_pods, marbit_many_paths, serial_glass, glass_columns_c,
          glass_columns_c, glass_columns_b, glass_columns_a, glass_columns_a,
          glass_columns_a, glass_columns_c, glass_columns_a, glass_columns_b,
          glass_columns_c, minmay_strange_pillars,
          minmay_misc_feat_more_columns, st_stairs_1
D:9:      layout_loops_ring, st_stairs_1, kennysheep_cluttered_room,
          guppyfry_shop_venom
Temple:   nicolae_temple_no_exploring_needed

Skill      XL: |  1  2  3  4  5  6  7  8  9 10 |
---------------+-------------------------------+-----
Axes           | 2 3 4 5 6 8 |  8.2
Armour         | 4 5 6 7 8 |  8.0
Fighting       | 4 5 6 |  6.5
Shields        | 4 5 6 |  6.7
Evocations     | 1 2 3 5 |  5.2
Invocations    | 1 |  1.0
Stealth        | |  0.2

Action                   |  1- 3 |  4- 6 |  7- 9 | 10-12 || total
-------------------------+-------+-------+-------+-------++-------
Melee: War axe           |    98 |   175 |   437 |    40 ||   750
  Use: Scroll            |       |     1 |    16 |     2 ||    19
       Potion            |       |       |     3 |     1 ||     4
Armor: Scale mail        |    58 |   170 |   335 |    20 ||   583
Dodge: Dodged            |    47 |   101 |   177 |    18 ||   343
Block: Buckler           |    27 |    41 |       |       ||    68
       Kite shield       |       |    18 |   304 |    34 ||   356

Table legend: (Time is in decaauts)
 A = Elapsed time spent in this place.
 B = Non-inter-level travel time spent in this place.
 C = Inter-level travel time spent in this place.
 D = Time resting spent in this place.
 E = Time spent auto-exploring this place.
 F = Levels seen in this place.
 G = Mean time per level.
                   A        B        C        D        E       F      G
               +--------+--------+--------+--------+--------+-----+--------+
         Total |  12632 |  12617 |     15 |   4400 |   5588 |  10 | 1263.2 |
       Dungeon |  12624 |  12609 |     15 |   4400 |   5588 |   9 | 1402.7 |
        Temple |      7 |      7 |      0 |      0 |      0 |   1 |    7.0 |
               +--------+--------+--------+--------+--------+-----+--------+

Top non-repeatable levels by time:
     D:6: 2893 daAuts
     D:7: 2242 daAuts
     D:4: 1824 daAuts
     D:3: 1635 daAuts
     D:8: 1225 daAuts
     D:2: 970 daAuts
     D:5: 871 daAuts
     D:1: 841 daAuts
     D:9: 119 daAuts
  Temple: 7 daAuts
